Map: Abyssal Reef LE

Players

DnS - Winner!

  • Race: Protoss Protoss
  • Spawn Location: 11:00

Bonkarooni

  • Race: Protoss Protoss
  • Spawn Location: 5:00

Event: WCS Montreal 2017

VOD

Have the link to the VOD?

Description

Time

  • Played on: Sept. 8, 2017, 11:26 a.m.
  • Length: 7:40

All games in this series

Show
View Real Time Build Order
Export as new Build Order

DnS Protoss - Winner!

Build Orders:  

Get SALT Encoding   

  12  0:00  Probe (Chrono Boost)  
  13  0:11  Probe (Chrono Boost)  
  14  0:17  Pylon  
  14  0:22  Probe (Chrono Boost)  
  15  0:35  Probe (Chrono Boost)  
  16  0:36  Gateway  
  16  0:41  Assimilator  
  16  0:46  Probe (Chrono Boost)  
  17  0:50  Assimilator  
  18  0:57  Probe (Chrono Boost)  
  18  1:06  Gateway  
  18  1:07  Probe (Chrono Boost)  
  19  1:18  Probe (Chrono Boost)  
  20  1:22  Cybernetics Core  
  20  1:28  Probe (Chrono Boost)  
  21  1:33  Pylon  
  21  1:39  Probe (Chrono Boost)  
  22  1:50  Probe (Chrono Boost)  
  23  1:58  Stalker x2  
  23  2:00  Probe (Chrono Boost)  
  28  2:02  Warp Gate (Chrono Boost)  
  28  2:09  Pylon  
  28  2:16  Mothership Core  
  30  2:29  Sentry  
  32  2:39  Probe  
  33  2:49  Nexus  
  33  2:51  Probe  
  34  2:54  Sentry  
  36  3:03  Probe  
  37  3:07  Pylon  
  37  3:15  Probe  
  37  3:18  Robotics Facility  
  38  3:27  Probe  
  38  3:30  Twilight Council  
  39  3:40  Probe (Chrono Boost)  
  40  3:49  Stalker  
  40  3:50  Probe (Chrono Boost)  
  40  3:51  Stalker  
  46  4:02  Probe (Chrono Boost)  
  46  4:11  Probe (Chrono Boost), Observer  
  46  4:13  Probe (Chrono Boost)  
  49  4:21  Probe (Chrono Boost)  
  49  4:23  Probe (Chrono Boost)  
  48  4:27  Blink (Chrono Boost)  
  48  4:30  Probe  
  47  4:35  Probe  
  49  4:41  Probe  
  49  4:44  Phoenix  
  49  4:47  Probe  
  49  4:50  Stalker  
  49  4:52  Probe  
  52  4:59  Probe  
  54  5:02  Probe  
  54  5:06  Nexus  
  55  5:07  Pylon  
  55  5:09  Pylon  
  55  5:11  Probe  
  55  5:13  Probe  
  57  5:14  Observer  
  57  5:21  Gateway  
  58  5:22  Gateway  
  58  5:23  Probe x2  
  58  5:25  Phoenix  
  58  5:28  Pylon  
  60  5:34  Probe  
  60  5:35  Probe  
  62  5:36  Assimilator  
  62  5:37  Assimilator  
  62  5:41  Stalker  
  62  5:42  Stalker  
  66  5:44  Probe  
  66  5:47  Probe  
  68  5:55  Probe  
  68  5:58  Gateway  
  68  5:59  Gateway  
  68  6:05  Gateway  
  68  6:08  Gateway  
  68  6:12  Warp Prism (Chrono Boost)  
  68  6:16  Sentry x2  
  68  6:17  Sentry  
  76  6:20  Sentry  
  76  6:25  Pylon  
  78  6:26  Probe  
  78  6:27  Pylon  
  78  6:30  Probe x2  
  81  6:38  Probe  
  82  6:40  Probe  
  82  6:42  Sentry, Stalker  
  82  6:43  Probe  
  88  6:50  Probe  
  88  6:53  Probe  
  88  6:55  Probe  
  88  7:00  Pylon  
  90  7:02  Probe  
  89  7:16  Stalker x7  
  89  7:19  Stalker  
Show
View Real Time Build Order
Export as new Build Order

Bonkarooni Protoss 

Build Orders: Oracle Opening 

Get SALT Encoding   

  12  0:01  Probe (Chrono Boost)  
  13  0:11  Probe (Chrono Boost)  
  14  0:18  Pylon  
  14  0:22  Probe (Chrono Boost)  
  15  0:37  Probe (Chrono Boost)  
  15  0:38  Gateway  
  16  0:47  Probe (Chrono Boost), Assimilator  
  17  0:52  Assimilator  
  17  0:58  Probe (Chrono Boost)  
  18  1:08  Probe (Chrono Boost)  
  18  1:10  Gateway  
  19  1:19  Probe (Chrono Boost)  
  20  1:25  Cybernetics Core  
  20  1:30  Probe (Chrono Boost)  
  21  1:35  Pylon  
  21  1:40  Probe (Chrono Boost)  
  22  1:51  Probe (Chrono Boost)  
  23  2:01  Stalker  
  23  2:02  Stalker  
  23  2:06  Mothership Core (Chrono Boost)  
  29  2:21  Pylon  
  29  2:34  Stalker (Chrono Boost)  
  29  2:35  Stargate  
  31  2:43  Stalker (Chrono Boost)  
  33  2:45  Probe  
  34  3:05  Warp Gate (Chrono Boost)  
  34  3:14  Nexus  
  34  3:23  Oracle (Chrono Boost)  
  37  3:28  Probe  
  38  3:46  Probe  
  38  3:47  Pylon  
  39  4:05  Probe, Stalker  
  40  4:10  Stalker  
  40  4:17  Probe, Pylon  
  41  4:25  Probe  
  41  4:29  Probe, Oracle (Chrono Boost)  
  43  4:35  Probe  
  44  4:41  Probe  
  45  4:46  Probe  
  46  4:53  Probe  
  46  4:55  Assimilator  
  46  4:57  Probe  
  46  4:58  Assimilator, Fleet Beacon  
  48  5:07  Probe  
  49  5:09  Probe  
  50  5:19  Probe  
  51  5:24  Probe  
  52  5:31  Probe (Chrono Boost), Nexus  
  53  5:35  Probe (Chrono Boost)  
  53  5:39  Stargate  
  54  5:44  Probe (Chrono Boost)  
  55  5:55  Probe (Chrono Boost)  
  57  6:02  Carrier (Chrono Boost)  
  62  6:04  Pylon  
  62  6:17  Pylon  
  62  6:18  Pylon  
  62  6:20  Probe  
  62  6:22  Probe  
  64  6:31  Probe  
  65  6:34  Probe  
  72  6:42  Probe, Sentry  
  72  6:44  Probe  
  72  6:46  Probe  
  77  6:48  Pylon  
  77  6:52  Probe  
  77  6:53  Stalker  
  76  6:56  Probe  
  76  6:59  Probe  
  79  7:03  Probe  
  79  7:08  Probe  
  79  7:10  Stalker  
  79  7:13  Probe  
  79  7:14  Probe, Pylon  
  83  7:22  Stalker  
Tags
 
Add a new tag
Caveats
  • Supply blocks, unpowered buildings, or Contaminate may cause inaccurate times.
  • Supply counts are checked every 10 seconds.